 Dungeon Crawl Stone Soup version 0.22-a0-135-g6f012ad (webtiles) character file.

119 theanonym the Chopper (level 4, 0/37 HPs)
             Began as a Mummy Monk on Feb 1, 2018.
             Slain by a gnoll
             ... wielding a +0 halberd
              (7 damage)
             ... on level 3 of the Dungeon.
             The game lasted 00:04:11 (2648 turns).

theanonym the Chopper (Mummy Monk)                  Turns: 2648, Time: 00:04:12

Health: 0/37       AC:  3    Str: 20    XL:     4   Next: 74%
Magic:  4/4        EV: 12    Int:  9    God:
Gold:   156        SH:  0    Dex: 14    Spells: 3/3 levels left

rFire    . . .     SeeInvis .   a - +0 hand axe
rCold    . . .     Gourm    .   (no shield)
rNeg     + + +     Faith    .   i - +0 leather armour {4}
rPois    ∞         Spirit   .   (no helmet)
rElec    .         Reflect  .   (no cloak)
rCorr    .         Harm     .   (no gloves)
MR       .....                  (no boots)
Stlth    ++........             (no amulet)
HPRegen  0.12/turn              p - ring of fire {rF+ rC-}
MPRegen  0.09/turn              k - +5 ring of strength

@: no status effects
A: no food or potions, fire vulnerability, cold resistance 1, negative energy
resistance 3, torment resistance, unbreathing
a: no special abilities


Innate Abilities, Weirdness & Mutations

You do not eat or drink.
Your flesh is vulnerable to fire.
You are immune to poison.
Your flesh is cold resistant. (rC+)
You are immune to negative energy. (rN+++)
You are immune to unholy pain and torment.
You can survive without breathing.


   Skills:
 + Level 4.0 Fighting
 * Level 4.0 Axes
 - Level 2.4 Dodging
 - Level 1.5 Stealth


You had 3 spell levels left.
You didn't know any spells.

Skill      XL: |  1  2  3  4 |
---------------+-------------+-----
Axes           | 3 4 |  4.0
Fighting       | 4 |  4.0
Dodging        | |  2.4
Stealth        | |  1.5

Action                   |  1- 3 |  4- 6 || total
-------------------------+-------+-------++-------
Melee: Hand axe          |   121 |    61 ||   182
  Use: Scroll            |     1 |     1 ||     2
 Stab: Sleeping          |     3 |     1 ||     4
Armor: Robe              |    12 |       ||    12
       Leather armour    |    15 |     8 ||    23
Dodge: Dodged            |    87 |    49 ||   136

Inventory:

Hand Weapons
 a - a +0 hand axe (weapon)
Armour
 b - a +0 robe {0}
 i - a +0 leather armour (worn) {4}
   (You found it on level 1 of the Dungeon)
Jewellery
 g - an uncursed ring of protection from magic {MR+}
   (You found it on level 1 of the Dungeon)
 k - a +5 ring of strength (right hand)
   (You found it on level 2 of the Dungeon)
 p - a ring of fire (left hand) {rF+ rC-}
   (You found it on level 3 of the Dungeon)
Scrolls
 c - 2 scrolls of amnesia
 d - a scroll of enchant armour {unknown}
 e - a scroll of remove curse {unknown}
 f - 3 scrolls of fear
 h - 2 scrolls of immolation {unknown}
 l - 2 scrolls of random uselessness {unknown}
 m - a scroll of teleportation {unknown}
 n - a scroll of enchant weapon {unknown}
 o - a scroll of magic mapping {unknown}
 r - 3 scrolls of identify


You were on level 3 of the Dungeon.
You were not hungry.

You visited 1 branch of the dungeon, and saw 3 of its levels.

You collected 156 gold pieces.

Dungeon Overview and Level Annotations

Branches:
Dungeon (3/15)

Altars:

#)g.......................# #....
#...(.....................# #....
#g........................# ###..
.............#............# #..
#............#)...........# #..
...........g.#............# #..
#g...........#............# #..
.............#...g......<.# #..
#............#..@.........# #..
#.........>..#............#####..
#............###########.!.......
#............# #.######..
#............# #.# ###
#............# #.# #############
#.# #.######## #.........


You could see a gnoll.

Notes
Turn   | Place    | Note
-------+----------+-------------------------------------------
     0 | D:1      | theanonym the Mummy Monk began the quest for the Orb.
     0 | D:1      | Reached XP level 1. HP: 18/18 MP: 1/1
    75 | D:1      | Reached XP level 2. HP: 23/24 MP: 2/2
   355 | D:1      | Reached skill level 3 in Axes
   602 | D:1      | Reached XP level 3. HP: 21/29 MP: 3/3
   768 | D:2      | HP: 13/29 [adder (2)]
  1253 | D:2      | HP: 14/30 [adder (2)]
  1256 | D:2      | HP: 5/30 [adder (3)]
  1257 | D:2      | Reached XP level 4. HP: 6/37 MP: 4/4
  1594 | D:2      | Wingboner: Мумо(ненастоящий).
  1953 | D:3      | theanonym: Хочу сделать всех мумий
  2087 | D:3      | Wingboner: !hs * mupa
  2094 | D:3      | beem: No games for * (mupa sc<1000000000).
  2104 | D:3      | Wingboner: А, выпилил.
  2110 | D:2      | Wingboner: *выпилили
  2631 | D:3      | Reached skill level 4 in Fighting
  2631 | D:3      | Reached skill level 4 in Axes
  2636 | D:3      | Wingboner: А я осьминожек решил сделать всех.
  2644 | D:3      | HP: 16/37 [gnoll/halberd (6)]
  2646 | D:3      | HP: 7/37 [gnoll/halberd (9)]
  2648 | D:3      | Slain by a gnoll

Vanquished Creatures
  A gnoll (D:3)
  4 adders
  An ooze (D:2)
  2 worms (D:3)
  4 dart slugs
  A leopard gecko (D:2)
  A ball python (D:3)
  7 bats
  2 giant cockroaches
  7 goblins
  10 hobgoblins
  3 jackals (D:3)
  2 quokkas (D:2)
  3 frilled lizards
  4 rats
52 creatures vanquished.

Table legend:
 A = Turns spent in this place as a percentage of turns spent in the entire game.
 B = Non-inter-level travel turns spent in this place as a percentage of non-inter-level travel turns spent in the entire game.
 C = Inter-level travel turns spent in this place as a percentage of turns spent in this place.
 D = Turns resting spent in this place as a percentage of non-inter-level travel turns spent in this place.
 E = Turns spent auto-exploring this place as a percentage of non-inter-level travel turns spent in this place.
 F = Non-inter-level travel turns spent in this place divided by the number of levels of this place that you've seen.
                   A       B       C       D       E      F
               +-------+-------+-------+-------+-------+----------------------
         Total | 100.0 | 100.0 |   3.8 |  32.4 |  45.9 | 849.0
       Dungeon | 100.0 | 100.0 |   3.8 |  32.4 |  45.9 | 849.0
               +-------+-------+-------+-------+-------+----------------------
